 Dungeon Crawl Stone Soup version 0.25.1-2-g60ff931df9 (webtiles) character file.

Game seed: 11098472111589576642

84 growler the Grasshopper (level 4, 0/43 HPs)
             Began as a Halfling Warper on Oct 13, 2020.
             Succumbed to an adder's poison
             ... on level 2 of the Dungeon.
             The game lasted 00:07:52 (2312 turns).

growler the Grasshopper (Halfling Warper)           Turns: 2312, Time: 00:07:52

Health: 0/43       AC:  3    Str: 13    XL:     4   Next: 72%
Magic:  8/8        EV: 14    Int: 11    God:
Gold:   77         SH:  0    Dex: 13    Spells: 4/8 levels left

rFire    . . .     SeeInvis .   a - +0 short sword
rCold    . . .     Gourm    .   (shield restricted)
rNeg     + . .     Faith    .   b - +0 leather armour
rPois    .         Spirit   .   (no helmet)
rElec    .         Reflect  .   (no cloak)
rCorr    .         Harm     .   (no gloves)
MR       .....                  (no boots)
Stlth    ..........             (no amulet)
HPRegen  0.14/turn              n - ring of flight
MPRegen  0.11/turn              h - ring of positive energy

@: berserking, lethally poisoned (0 -> -7), very quick
A: small, mutation resistance 1
a: Evoke Flight


You were on level 2 of the Dungeon.
You were not hungry.

You visited 1 branch of the dungeon, and saw 2 of its levels.

You collected 77 gold pieces.

Inventory:

Hand Weapons
 a - a +0 short sword (weapon)
 g - a -2 hunting sling
   (You found it on level 2 of the Dungeon)
Missiles
 f - 5 boomerangs of dispersal (quivered) {!f}
 i - 78 stones
 m - 20 poisoned darts
Armour
 b - a +0 leather armour (worn)
Jewellery
 h - a ring of positive energy (right hand)
   (You found it on level 1 of the Dungeon)
 n - a ring of flight (left hand)
   (You found it on level 2 of the Dungeon)
Scrolls
 c - a scroll of amnesia {unknown}
 d - a scroll of blinking
 k - 2 scrolls of teleportation {@r4}
Potions
 o - a potion of flight
Comestibles
 e - 3 rations {!d}


   Skills:
 - Level 1.7 Fighting
 - Level 2.4 Short Blades
 + Level 2.0(2.3) Slings
 - Level 1.0(1.3) Throwing
 - Level 1.1 Armour
 - Level 2.1 Dodging
 + Level 2.6 Spellcasting
 + Level 4.2 Translocations


You had 4 spell levels left.
You knew the following spells:

 Your Spells              Type           Power        Failure   Level  Hunger
b - Blink                 Tloc           N/A          10%         2    ###....
q - Shroud of Golubria    Chrm/Tloc      #.....       22%         2    ###....

Your spell library contained the following spells:

 Spells                   Type           Power        Failure   Level  Hunger
 Gell's Gravitas          Tloc           ##........   19%         3    ####...
 Lesser Beckoning         Tloc           ##........   19%         3    ####...
 Teleport Other           Tloc           ##......     19%         3    ####...
 Passage of Golubria      Tloc           N/A          52%         4    #####..


Dungeon Overview and Level Annotations

Branches:
Dungeon (2/15)

Altars:
Makhleb
Vehumet
Yredelemnul


Innate Abilities, Weirdness & Mutations

You are small and have problems with some larger weapons.
You are somewhat resistant to further mutation.


Message History

You are no longer poisoned.
You start resting.
All of the chunks of flesh in your inventory have rotted away.
An adder comes into view.
The adder hisses angrily.
Space distorts slightly along a thin shroud covering your body.
The adder completely misses you.
You closely miss the adder. The adder misses you.
You miss the adder. The adder bites you.
You are poisoned.
The adder poisons you!
Your shroud falls apart!
You completely miss the adder.
You feel sick. The adder closely misses you.
You hit the adder.
You feel sick. The adder misses you. The adder completely misses you.
You barely miss the adder. The adder completely misses you.
You hit the adder. The adder bites you.
You are more poisoned.
The adder poisons you!
You barely miss the adder.
You feel sick. The adder barely misses you.
You barely miss the adder.
You feel sick. The adder bites you but does no damage. The adder bites you.
You miss the adder. The adder closely misses you.
You miss the adder.
You feel sick. The adder completely misses you.
You closely miss the adder. The adder misses you. The adder closely misses you.
You barely miss the adder.
You feel sick. The adder misses you.
You barely miss the adder. The adder misses you.
You closely miss the adder.
You feel sick. The adder bites you.
* * * LOW HITPOINT WARNING * * *
You miss the adder. The adder closely misses you.
You hit the adder but do no damage. The adder bites you but does no damage.
The adder closely misses you.
You hit the adder.
You feel sick. The adder bites you.
* * * LOW HITPOINT WARNING * * *
You barely miss the adder. The adder misses you.
Unknown command.
It was a potion of berserk rage.
A red film seems to cover your vision as you go berserk!
You feel yourself moving faster!
You feel mighty! The adder barely misses you.
You barely miss the adder. The adder bites you.
* * * LOW HITPOINT WARNING * * *
You closely miss the adder.
* * * LOW HITPOINT WARNING * * *
You feel sick. The adder bites you.
* * * LOW HITPOINT WARNING * * *
You are more poisoned.
The adder poisons you!
You barely miss the adder. The adder misses you.
You closely miss the adder.
You die...

#.#
########.#
#........#
#.########
#.# #.#
#.# #.#
#@#
#.S......
#########


You could see an adder.

Vanquished Creatures
  A bullfrog skeleton (D:2)
  2 adders (D:2)
  A leopard gecko (D:1)
  4 bats (D:1)
  2 giant cockroaches (D:1)
  4 goblins
  3 hobgoblins
  4 ball pythons
  3 frilled lizards (D:1)
  8 kobolds
  4 rats (D:1)
36 creatures vanquished.

Notes
Turn   | Place    | Note
-------+----------+-------------------------------------------
     0 | D:1      | growler the Halfling Warper began the quest for the Orb.
     0 | D:1      | Reached XP level 1. HP: 14/14 MP: 3/3
   245 | D:1      | Reached XP level 2. HP: 19/19 MP: 5/5
   249 | D:1      | Learned a level 2 spell: Blink
   833 | D:1      | Reached XP level 3. HP: 24/24 MP: 6/6
  1123 | D:2      | Found a basalt altar of Yredelemnul.
  1305 | D:2      | Found a burning altar of Makhleb.
  1305 | D:2      | Found a radiant altar of Vehumet.
  1722 | D:2      | Learned a level 2 spell: Shroud of Golubria
  1761 | D:2      | Reached skill level 1 in Slings
  1761 | D:2      | Reached skill level 4 in Translocations
  1761 | D:2      | Reached XP level 4. HP: 15/29 MP: 4/7
  2310 | D:2      | HP: 2/43 [poisoned by an adder]
  2312 | D:2      | Succumbed to an adder's poison

Illustrated notes

Levels and vault maps discovered:
D:1:      dpeg_arrival_rooms_with_view, layout_basic
D:2:      layout_loops_ring, chequers_temple_overflow_statue_of_worship,
          elyvilon_altar_3, lemuel_doored_altar, eat_drink_and_be_merry_uskayaw,
          st_stairs_1

Skill      XL: |  1  2  3  4 |
---------------+-------------+-----
Spellcasting   | 2 |  2.6
Slings         | 1 2 |  2.0
Translocations | 4 |  4.2
Fighting       | |  1.7
Short Blades   | |  2.4
Throwing       | |  1.0
Armour         | |  1.1
Dodging        | |  2.1

Action                   |  1- 3 |  4- 6 || total
-------------------------+-------+-------++-------
Melee: Short sword       |   138 |    58 ||   196
 Fire: Hunting sling     |    11 |     3 ||    14
 Cast: Blink             |     5 |       ||     5
       Shroud of Golubri |     1 |     3 ||     4
  Use: Scroll            |     6 |       ||     6
       Potion            |       |     3 ||     3
 Stab: Sleeping          |     1 |       ||     1
  Eat: Chunk             |     3 |     2 ||     5
Armor: Leather armour    |    37 |     5 ||    42
Dodge: Dodged            |   125 |    46 ||   171
